 Dungeon Crawl Stone Soup version 0.27.1-16-g815e20cd7a (webtiles) character file.

Game seed: 14202332506218276561

16 McKennaii the Magician (level 2, -5/23 HPs)
             Began as a Djinni Warper on Nov 21, 2021.
             Slain by a gnoll (8 damage)
             ... on level 1 of the Dungeon.
             The game lasted 00:02:17 (1233 turns).

McKennaii the Magician (Djinni Warper)              Turns: 1233, Time: 00:02:17

Health: -5/23      AC:  3    Str: 10    XL:     2   Next: 70%
Gold:   65         EV: 11    Int: 14    God:
                   SH:  0    Dex: 12

rFire    + + .     SeeInvis .   a - +0 falchion
rCold    x . .     Faith    .   (no shield)
rNeg     + . .     Spirit   .   b - +0 leather armour
rPois    ∞         Reflect  .   (no helmet)
rElec    .         Harm     .   (no cloak)
rCorr    .         Rampage  .   (no gloves)
Will     .....                  (boots unavailable)
Stlth    +.........             (no amulet)
HPRegen  0.07/turn              e - ring of positive energy
MPRegen  0.00/turn              (no ring)

@: flying
A: sickness immunity, fire resistance 2, cold vulnerability 1, float, innate
caster, hp casting, extra vitality 1
a: no special abilities


You were on level 1 of the Dungeon.
You visited 1 branch of the dungeon, and saw 1 of its levels.

You collected 65 gold pieces.

Inventory:

Hand Weapons
 a - a +0 falchion (weapon)
Missiles
 d - 5 boomerangs of dispersal (quivered)
 g - 8 boomerangs
Armour
 b - a +0 leather armour (worn)
Jewellery
 e - a ring of positive energy (left hand)
Scrolls
 c - a scroll of blinking
 f - a scroll of vulnerability {unknown}
 h - a scroll of identify {unknown}


   Skills:
 * Level 2.2 Fighting
 + Level 1.8 Long Blades
 + Level 0.8 Throwing
 + Level 1.0 Armour
 * Level 2.1 Dodging
 * Level 2.8 Spellcasting


You couldn't memorise any spells.
You knew the following spells:

 Your Spells              Type           Power      Damage    Failure   Level
a - Blink                 Tloc           N/A        N/A       14%         2
b - Lesser Beckoning      Tloc           5%         N/A       28%         3
c - Gell's Gravitas       Tloc           5%         N/A       28%         3
d - Teleport Other        Tloc           10%        N/A       28%         3
e - Manifold Assault      Tloc           10%        N/A       95%         5
Your spell library was empty.

Dungeon Overview and Level Annotations

Branches:
Dungeon (1/15)

Altars:


Innate Abilities, Weirdness & Mutations

You are immune to sickness and miasma.
You are immune to poison.
Your flesh is very heat resistant. (rF++)
You are vulnerable to cold. (rC-)
You float through the air rather than walking.
You learn spells naturally, not from books.
Your magical power is your life essence.
You have superior vitality. (+4 HP)


Message History

You now have 53 gold pieces (gained 11).
Found 12 gold pieces.
You now have 65 gold pieces (gained 12).
The gnoll shouts!
A gnoll is nearby!
A gnoll is nearby!
A gnoll is nearby!
The gnoll closely misses you.
You hit the gnoll but do no damage. The gnoll barely misses you.
You hit the gnoll.
The gnoll is moderately wounded.
The gnoll hits you with a +0 spear.
You hit the gnoll but do no damage.
The gnoll is moderately wounded.
The gnoll completely misses you.
The gnoll splashes around in the water.
You hit the gnoll but do no damage.
The gnoll is moderately wounded.
The gnoll barely misses you.
You riposte.
You closely miss the gnoll.
The gnoll is moderately wounded.
You closely miss the gnoll.
The gnoll is moderately wounded.
The gnoll hits you with a +0 spear!
You are too injured to fight recklessly!
You are too injured to fight recklessly!
You are too injured to fight recklessly!
You are too injured to fight recklessly!
You are too injured to fight recklessly!
You slash the gnoll!
The gnoll is severely wounded.
The gnoll splashes around in the water.
You completely miss the gnoll.
The gnoll is severely wounded.
The gnoll closely misses you.
You riposte.
You barely miss the gnoll.
The gnoll is severely wounded.
You hit the gnoll but do no damage.
The gnoll is severely wounded.
The gnoll hits you with a +0 spear.
* * * LOW HITPOINT WARNING * * *
The gnoll hits you with a +0 spear!
You die...

≈≈.≈≈♣♣♣♣.######.#######.#
≈≈.P≈≈♣♣♣≈###♣♣♣♣≈## #(#
≈≈.≈≈≈≈≈≈≈♣♣≈≈≈≈≈≈≈#####.#
≈≈.≈≈≈≈≈≈≈≈≈≈P≈P≈≈≈♣#.##.#
≈≈.≈≈≈≈≈≈≈≈≈≈≈≈≈≈≈≈≈♣..#.########
≈................................
≈..♣≈≈≈≈≈≈≈≈≈≈≈≈≈≈≈P≈..#.########
#..#≈♣≈≈P≈♣♣♣♣≈≈PP≈≈≈.##.# #
#.###≈♣♣♣♣≈♣♣P≈P@g≈≈#....# # #.#
##♣≈P.....♣♣♣≈♣##.#### #
#.######†###.###.## #.# ########
#........# #.# #.####.#..........
########.# #.###.........[#######
#.# #...†..........# # #.#
#####>...#.###.# # #.# #..####.#
#.# # #.######..# #.# #.# #


You could see a gnoll.

Vanquished Creatures
  2 dart slugs (D:1)
  A hobgoblin (D:1)
  2 jackals (D:1)
  2 ball pythons (D:1)
  2 bats (D:1)
  2 kobolds (D:1)
  3 rats (D:1)
14 creatures vanquished.

Vanquished Creatures (others)
  7 plants (D:1)
7 creatures vanquished.

Grand Total: 21 creatures vanquished

Notes
Turn   | Place    | Note
-------+----------+-------------------------------------------
     0 | D:1      | McKennaii the Djinni Warper began the quest for the Orb.
     0 | D:1      | Reached XP level 1. HP: 18/18 MP: 0/0
   658 | D:1      | Reached XP level 2. HP: 16/23 MP: 0/0
  1233 | D:1      | Slain by a gnoll

Illustrated notes

Levels and vault maps discovered:
D:1:      roderic_dead_forest, layout_loops_ring, serial_bayou_lagoon_b

Action                   || total
-------------------------++-------
Melee: Falchion          ||    42
Armor: Leather armour    ||    12
Dodge: Dodged            ||    24
       Rpst.: Falchion   ||     9
